 Dungeon Crawl Stone Soup version 0.18-a0-946-g3ac5b32 (webtiles) character file.

38363 tof the Covert (level 14, -2/70 HPs)
             Began as a Vine Stalker Assassin on Dec 26, 2015.
             Was an Elder of Dithmenos.
             Slain by a skeletal warrior
             ... wielding a cursed -1 flail
              (10 damage)
             ... on level 13 of the Dungeon on Dec 29, 2015.
             The game lasted 02:19:19 (18787 turns).

tof the Covert (Vine Stalker Assassin)             Turns: 18787, Time: 02:19:19

Health: -2/70      AC: 17    Str: 18    XL:     14   Next: 1%
Magic:  0/34       EV: 20    Int: 13    God:    Dithmenos [****..]
Gold:   732        SH:  0    Dex: 19    Spells: 1 memorised, 13 levels left

rFire  + . .     SeeInvis .     a - +2 dagger (protect)
rCold  . . .     Gourm    .     I - +2 leather armour of the Eternal Fruit {rElec rF+ MP+9 Int+2}
rNeg   . . .     Faith    .     (no shield)
rPois  .         Spirit   +     P - +2 helmet
rElec  +         Dismiss  .     x - +2 cloak {MR+}
rCorr  .         Reflect  .     (no gloves)
SustAt .         Harm     .     (no boots)
MR     ++...                    (no amulet)
Stlth  ++++++++..               C - +2 ring of strength
                                l - ring of magical power

@: wreathed by umbra, very resistant to hostile enchantments, extraordinarily
stealthy
A: fangs 3, talons 1, regeneration 3, magic shield, antimagic bite, no device
heal 3, rot immunity
a: Shadow Step, Renounce Religion


You were on level 13 of the Dungeon.
You worshipped Dithmenos.
Dithmenos was greatly pleased with you.
You were not hungry.

You visited 3 branches of the dungeon, and saw 16 of its levels.
You also visited: Ice Cave.

You collected 732 gold pieces.

Inventory:

Hand Weapons
 a - a +2 dagger of protection (weapon)
 b - a +3 blowgun
 c - a +2 triple sword of freezing
 R - a +2 dagger of pain
 S - a +2 short sword of draining
Missiles
 f - 8 curare-tipped needles
 A - 8 poisoned needles
Armour
 d - a +1 chain mail of fire resistance
 x - a +2 cloak of magic resistance (worn)
 I - the +2 leather armour of the Eternal Fruit (worn) {rElec rF+ MP+9 Int+2}
   (You found it on level 5 of the Dungeon)

   It affects your intelligence (+2).
   It protects you from fire.
   It insulates you from electricity.
   It affects your magic capacity (+9).
 O - a +3 chain mail of cold resistance
 P - a +2 helmet (worn)
Jewellery
 l - a ring of magical power (left hand)
 C - a +2 ring of strength (right hand)
Wands
 h - a wand of disintegration (17/24)
 m - a wand of confusion (15/48)
 u - a wand of paralysis (5/24)
 w - a wand of teleportation (4/9)
 D - a wand of confusion (13/48)
 F - a wand of paralysis (2/24)
 G - a wand of draining (8/15)
Scrolls
 e - a scroll of immolation {unknown}
 i - 5 scrolls of identify
 j - 2 scrolls of magic mapping
 k - a scroll of recharging
 q - 4 scrolls of amnesia
 r - 3 scrolls of fog
 v - 8 scrolls of remove curse
 y - 4 scrolls of blinking
 J - 3 scrolls of fear
Potions
 n - 2 potions of haste
 p - a potion of lignification {unknown}
 z - a potion of curing
 B - a potion of magic
 E - a potion of invisibility
 N - a potion of might
Books
 s - a book of Battle

   Spells                             Type                      Level
   a - Infusion                       Charms                       1
   b - Shroud of Golubria             Charms/Translocation         2
   c - Song of Sleighing              Charms                       2
   d - Spectral Weapon                Hexes/Charms                 3
   e - Regeneration                   Charms/Necromancy            3
 K - a book of Hinderance

   Spells                             Type                      Level
   a - Confusing Touch                Hexes                        2
   b - Confuse                        Hexes                        3
   c - Gell's Gravitas                Hexes/Translocation          3
   d - Petrify                        Transmutation/Earth          4
   e - Metabolic Englaciation         Hexes/Ice                    5
   f - Yara's Violent Unravelling     Hexes/Transmutation          5
Miscellaneous
 Q - a legendary deck of escape {Swap}
 W - a plain deck of wonders {the Alchemist}
Comestibles
 g - 11 bread rations
 o - a meat ration
 t - 11 slices of pizza
 M - 18 fruits


   Skills:
 + Level 6.8 Fighting
 + Level 6.6(6.7) Short Blades
 + Level 1.4(4.4) Long Blades
 + Level 12.4 Throwing
 + Level 5.2 Armour
 + Level 9.9 Dodging
 + Level 13.3 Stealth
 + Level 1.2 Spellcasting
 + Level 0.4 Hexes
 + Level 1.2 Invocations
 + Level 1.9 Evocations


You had 13 spell levels left.
You knew the following spells:

 Your Spells              Type           Power        Failure   Level  Hunger
a - Confusing Touch       Hex            #.....       43%         2    ###....


Dungeon Overview and Level Annotations

Branches:
Dungeon (14/15)            Temple (1/1) D:4            Lair (1/8) D:9
    Orc (0/2) D:10         Vaults (0/5) D:13

Altars:
Cheibriados
Dithmenos
Elyvilon
Fedhas
Gozag
Makhleb
Nemelex Xobeh
Okawaru
Pakellas
Qazlal
Ru
Sif Muna
Trog
Vehumet
Xom
Yredelemnul
Zin
The Shining One

Shops:
D:5 :   D:6 [   D:11 [

Annotations:
D:7 st0uf's ghost, novice TrMo
D:10 filipzpl's ghost, novice GrBe


Innate Abilities, Weirdness & Mutations

You have razor-sharp teeth.
You regenerate.
When hurt, damage is shared between your health and your magic reserves.
Your bite disrupts and absorbs the magic of your enemies.
Potions and wands cannot restore your health.
You are immune to rotting.
You have sharp toenails.


Message History

You bite the skeletal warrior, but do no damage.
The skeletal warrior is moderately damaged.
You completely miss the skeletal warrior.
You claw the skeletal warrior, but do no damage.
Your bite misses the skeletal warrior.
The skeletal warrior is moderately damaged.
Your shadow hits the skeletal warrior but does no damage.
The skeletal warrior misses you.
You hit the skeletal warrior.
The skeletal warrior is moderately damaged.
The skeletal warrior hits you but does no damage.
You completely miss the skeletal warrior.
You claw the skeletal warrior, but do no damage.
You bite the skeletal warrior, but do no damage.
The skeletal warrior is moderately damaged.
You hit the skeletal warrior but do no damage.
You claw the skeletal warrior, but do no damage.
The skeletal warrior is moderately damaged.
The skeletal warrior hits you with a flail!
You die...

#...#.....#..#..........#..##..'.
#...'.....#..#.#..#######..##..##
+...#.....#..#.#..'....#.(.......
#...#.....#..#....#....#.(.......
#...#.....#..#..<.#...##...##..##
##..#.....#..###########.(.##..##
##..#.##..#..##..#.....'.........
##..#.##..'..##..#.....#.........
##..#.....#..##z@#.##..##########
##..#.....#####..#.##..#
##..#.....# #..#.##(.#
##..#.#...# #..#.##..#
#####.#...# #..#.....# ######
#####.#...#####..#.....#####....#
....#.....#......#.....#...'....#
....#.....'......#..[..'...#.##.'
#####.....#####..#.....#.###....#


You could see a skeletal warrior.

Vanquished Creatures
  An azure jelly (D:14)
  A vault guard (D:13)
  A hydra (D:9)
  A centaur warrior (D:14)
  A catoblepas (D:13)
  7 wizards
  A skeletal warrior (D:14)
  An unseen horror (D:14)
  A necromancer (D:13)
  An orb spider (shapeshifter) (D:13)
  An ugly thing (D:12)
  2 deep elf magi
  4 hill giants
  A manticore (D:14)
  9 slime creatures
  2 cyclopes
  2 centaur zombies
  2 ice statues (IceCv)
  Maurice (D:9)
  A gargoyle (D:10)
  5 centaur skeletons
  2 kobold demonologists
  2 ice devils
  A troll (D:9)
  A yaktaur (D:13)
  A harpy skeleton (D:14)
  2 freezing wraiths (D:14)
  The ghost of tof the Ducker, an amateur MfSk (D:6)
  A two-headed ogre (D:12)
  A human (shapeshifter) (D:13)
  25 yaks
  A trapdoor spider (D:13)
  3 wyverns
  A wraith (D:13)
  21 humans
  A centaur simulacrum (D:14)
  3 hungry ghosts
  2 hippogriffs
  3 vampire mosquitoes (D:14)
  Duvessa (D:6)
  10 ice beasts
  A water moccasin (Lair:1)
  A phantom (D:4)
  6 orc warriors
  A wasp (D:12)
  A black bear (D:8)
  3 necrophages
  2 sky beasts
  17 centaurs
  An eye of draining (D:9)
  5 ogres
  6 boggarts (D:11)
  A crocodile (shapeshifter) (D:14)
  2 crocodiles
  3 big kobolds
  A wyvern zombie (D:12)
  Dowan (D:6)
  8 giant frogs
  A wyvern skeleton (D:13)
  2 scorpions
  12 killer bees
  8 wights
  2 giant frog zombies
  4 iguanas
  2 quasits
  Crazy Yiuf (D:3)
  6 crimson imps
  5 hounds
  5 jellies
  2 giant frog skeletons
  5 orc priests
  6 orc wizards
  Ijyb (D:3)
  11 worker ants
  2 worker ant zombies
  4 gnolls (D:2)
  11 adders
  A shadow imp (D:14)
  7 white imps (IceCv)
  3 ufetubi (IceCv)
  An ooze (D:6)
  An adder skeleton (D:4)
  4 worms
  5 giant geckos
  35 orcs
  4 bats
  3 giant cockroaches
  11 hobgoblins
  10 jackals
  16 kobolds
  3 quokkas
  A ball python (D:4)
  A ball python zombie (D:5)
  A giant gecko skeleton (D:6)
  5 giant newts
  5 goblins
  8 rats
404 creatures vanquished.

Vanquished Creatures (others)
  5 white imps (IceCv)
  2 ufetubi (IceCv)
7 creatures vanquished.

Grand Total: 411 creatures vanquished

Notes
Turn   | Place    | Note
--------------------------------------------------------------
     0 | D:1      | tof the Vine Stalker Assassin began the quest for the Orb.
     0 | D:1      | Reached XP level 1. HP: 11/11 MP: 2/2
    46 | D:1      | Reached skill level 5 in Stealth
   123 | D:1      | Reached XP level 2. HP: 15/15 MP: 3/3
   409 | D:2      | Reached skill level 1 in Dodging
   409 | D:2      | Reached XP level 3. HP: 15/18 MP: 4/4
   467 | D:2      | Reached skill level 6 in Stealth
   477 | D:2      | Reached XP level 4. HP: 5/23 MP: 4/5
  1081 | D:2      | Reached XP level 5. HP: 26/26 MP: 6/6
  1586 | D:3      | Noticed Crazy Yiuf
  1596 | D:3      | Killed Crazy Yiuf
  1596 | D:3      | Reached skill level 7 in Stealth
  1689 | D:3      | Noticed Ijyb
  1722 | D:3      | Killed Ijyb
  2219 | D:4      | Gained mutation: You heal very quickly. [Vine Stalker growth]
  2219 | D:4      | Reached XP level 6. HP: 30/32 MP: 7/7
  2671 | D:4      | Found a staircase to the Ecumenical Temple.
  2686 | Temple   | Entered the Ecumenical Temple
  2816 | Temple   | Became a worshipper of Dithmenos the Shadowed
  3085 | D:5      | Entered Level 5 of the Dungeon
  3103 | D:5      | Reached skill level 8 in Stealth
  3103 | D:5      | Reached XP level 7. HP: 9/35 MP: 4/8
  3323 | D:5      | Found Docvaj's Book Shoppe.
  3580 | D:5      | Got an obsidian-encrusted leather armour
  3591 | D:5      | Identified the +2 leather armour of the Eternal Fruit {rElec rF+ MP+9 Int+2} (You found it on level 5 of the Dungeon)
  4134 | D:6      | Noticed Duvessa
  4134 | D:6      | Noticed Dowan
  4134 | D:6      | Noticed tof's ghost (amateur MfSk)
  4300 | D:6      | Killed tof's ghost
  4300 | D:6      | Gained mutation: You have razor-sharp teeth. [Vine Stalker growth]
  4300 | D:6      | Reached XP level 8. HP: 22/39 MP: 9/9
  4484 | D:6      | Reached * piety under Dithmenos
  4571 | D:6      | Found Qubivy's Antique Armour Emporium.
  4747 | D:6      | Reached skill level 1 in Armour
  4747 | D:6      | Reached skill level 9 in Stealth
  4830 | D:6      | Reached skill level 5 in Throwing
  4994 | D:6      | Killed Duvessa
  5026 | D:6      | Killed Dowan
  5249 | D:7      | Noticed st0uf's ghost (novice TrMo)
  5432 | D:6      | Learned a level 2 spell: Confusing Touch
  5527 | D:8      | Reached XP level 9. HP: 44/44 MP: 10/10
  5750 | D:8      | Reached skill level 1 in Spellcasting
  5946 | D:8      | Reached skill level 10 in Stealth
  6368 | D:9      | Noticed a cyclops
  6456 | D:9      | Killed a cyclops
  6655 | D:9      | Reached ** piety under Dithmenos
  6902 | D:9      | Reached XP level 10. HP: 49/49 MP: 12/12
  7205 | D:9      | Reached skill level 5 in Dodging
  7630 | D:9      | Found a staircase to the Lair.
  8059 | D:9      | Reached skill level 11 in Stealth
  8286 | D:9      | Upgraded the game from 0.18-a0-917-g8a3da5b to 0.18-a0-921-g28655ce
  8304 | D:10     | Entered Level 10 of the Dungeon
  8321 | D:9      | Reached *** piety under Dithmenos
  8805 | D:10     | Noticed filipzpl's ghost (novice GrBe)
  8807 | D:10     | Noticed Maurice
  8863 | D:9      | Killed Maurice
  9062 | D:10     | HP: 1/51 [filipzpl's ghost (3)]
  9340 | D:10     | Noticed a hill giant
  9341 | D:10     | Reached skill level 1 in Evocations
  9383 | D:10     | Killed a hill giant
  9383 | D:10     | Reached XP level 11. HP: 39/54 MP: 13/13
  9860 | Lair:1   | Entered Level 1 of the Lair of Beasts
 10438 | Lair:1   | Found a dark tunnel.
 10500 | Lair:1   | Noticed a five-headed hydra
 10675 | D:9      | Killed a five-headed hydra
 10828 | D:10     | Found a staircase to the Orcish Mines.
 11119 | D:11     | Reached skill level 5 in Fighting
 11419 | D:11     | Noticed a wizard
 11424 | D:11     | Paralysed by a wizard for 3 turns
 11441 | D:11     | Killed a wizard
 11458 | D:11     | Noticed a wizard
 11488 | D:11     | Killed a wizard
 11543 | D:11     | Noticed a wizard
 11563 | D:11     | Killed a wizard
 11736 | D:11     | Found Fuos Box's Armour Emporium.
 12180 | D:11     | Noticed a wizard
 12184 | D:11     | Killed a wizard
 12184 | D:11     | Reached skill level 10 in Throwing
 12184 | D:11     | Gained mutation: You regenerate. [Vine Stalker growth]
 12184 | D:11     | Reached XP level 12. HP: 60/60 MP: 14/14
 12188 | D:11     | Reached skill level 5 in Short Blades
 12327 | D:11     | Reached skill level 12 in Stealth
 12446 | D:11     | Got a transparent tin ring
 13087 | D:12     | Upgraded the game from 0.18-a0-921-g28655ce to 0.18-a0-946-g3ac5b32
 13716 | D:12     | Reached **** piety under Dithmenos
 13898 | D:12     | Identified the cursed ring of Qeinecs {rElec rF+ MP-9 Int+2 Dex-3} (You took it off a boggart on level 11 of the Dungeon)
 13983 | D:12     | Gained mutation: You tend to lose your temper in combat. [mutagenic meat]
 13984 | D:12     | Gained mutation: Your body sometimes deteriorates upon taking damage. [mutagenic meat]
 13993 | D:12     | Lost mutation: Your body sometimes deteriorates upon taking damage. [potion of cure mutation]
 13993 | D:12     | Lost mutation: You tend to lose your temper in combat. [potion of cure mutation]
 14695 | D:13     | Reached XP level 13. HP: 34/65 MP: 15/15
 15125 | D:13     | Reached skill level 1 in Invocations
 15203 | D:13     | Reached skill level 13 in Stealth
 15407 | D:13     | Noticed a vault guard
 15464 | D:13     | Killed a vault guard
 15624 | D:13     | Found a gate to the Vaults.
 16306 | D:13     | Gained mutation: You have sharp toenails. [mutagenic meat]
 16694 | D:14     | Noticed an azure jelly
 16727 | D:14     | Reached skill level 5 in Armour
 16777 | D:14     | Killed an azure jelly
 16779 | D:14     | Found a frozen archway.
 16785 | IceCv    | Entered an ice cave
 17693 | D:14     | Reached skill level 1 in Long Blades
 18292 | D:14     | Got a wizard robe
 18293 | D:14     | Identified the +2 robe of the Lonely Hells {-Tele +Fly SInv} (You found it on level 14 of the Dungeon)
 18459 | D:14     | Reached XP level 14. HP: 30/70 MP: 16/16
 18787 | D:13     | Slain by a skeletal warrior

Vault maps used:
D:1:      saegor_arrival_simple_f
D:2:      nicolae_overflow_hidden_temple
D:3:      first_bread, uniq_iyjb, uniq_crazy_yiuf_cottage
D:4:      temple_hall, minmay_hedge_maze, eino_small_chamber_without_monster
D:5:      serial_shops, shop_statue
D:6:      serial_shops, nicolae_shop_waterfront, uniq_duvessa
D:8:      grunt_pizzeria, roderic_cross_of_infinity
D:9:      lair_0_dummy, lightli_minifort
D:10:     david_orc_1_choice, grunt_decor_cap, uniq_maurice
D:11:     minmay_smoke_and_mirrors, serial_shops, nicolae_shop_trees
D:13:     grunt_vaults_entry_tiered, minmay_holes
D:14:     portal_ice_cave_entry_horrid_things, kennysheep_nub,
          minmay_misc_feat_rows
Temple:   grunt_circular_temple_18
Lair:1:   nicolae_volcano_entry_hallway, lemuel_fruit_tree, grunt_megastairs_3,
          bh_autumn_forest_stairs
IceCv:    ice_cave_small_demon

Action                   |  1- 3 |  4- 6 |  7- 9 | 10-12 | 13-15 || total
-------------------------+-------+-------+-------+-------+-------++-------
Melee: Dagger            |    58 |   129 |   284 |  1077 |  1124 ||  2672
       Triple sword      |       |       |       |       |    47 ||    47
 Fire: Blowgun           |       |    77 |   147 |   524 |   187 ||   935
 Cast: Confusing Touch   |       |       |     1 |       |       ||     1
Invok: Shadow Step       |       |       |       |     5 |     4 ||     9
Evoke: Wand              |       |       |     3 |     2 |    16 ||    21
  Use: Scroll            |       |     4 |    12 |    14 |     8 ||    38
       Potion            |       |     4 |     1 |     7 |       ||    12
 Stab: Sleeping          |     7 |    23 |    27 |    49 |    10 ||   116
       Distracted        |       |     1 |     2 |    13 |     2 ||    18
       Confused          |       |       |     1 |       |       ||     1
       Paralysed         |       |       |     1 |       |     3 ||     4
  Eat: Chunk             |       |     7 |     7 |    22 |     2 ||    38
       Bread ration      |       |       |     1 |       |       ||     1
       Pizza             |       |       |     1 |       |       ||     1
       Royal jelly       |       |       |     1 |     1 |       ||     2
       Beef jerky        |       |       |       |     3 |       ||     3
       Meat ration       |       |       |       |     1 |     2 ||     3
